 Dungeon Crawl Stone Soup version 0.32-a0-938-g40ac7a0f4d (webtiles) character file.

Game seed: 4335928305224929511

6111 smashvw the Grappler (level 10, -1/91 HPs)
             Began as a Troll Fighter on Apr 15, 2024.
             Was an Initiate of Gozag.
             Shot with an arrow by a centaur (11 damage)
             ... on level 8 of the Dungeon on Apr 16, 2024.
             The game lasted 00:19:49 (7699 turns).

smashvw the Grappler (Troll Fighter)                Turns: 7699, Time: 00:19:49

Health: -1/91      AC:  5    Str: 26    XL:     10   Next: 58%
Magic:  9/9        EV: 13    Int:  6    God:    Gozag
Gold:   1404       SH: 10    Dex: 11    Spells: 9/9 levels left

rFire   . .          .
                       - Unarmed
rCold   . . .        b - +0 kite shield
rNeg    . . .        a - +0 robe
rPois   +            (helmet restricted)
rElec   .            s - +0 cloak
rCorr   .            (gloves unavailable)
SInv    .            (boots unavailable)
Will    .....        (no amulet)
Stlth   +            f - +5 ring of evasion
HPRegen 1.15/turn    i - ring of poison resistance
MPRegen 0.11/turn

%: no passive effects
@: about to teleport
A: large, unfitting armour, claws 3, regeneration 1, shaggy fur 1, tough skin 1
a: Renounce Religion, Potion Petition, Call Merchant, Bribe Branch


You were on level 8 of the Dungeon.
You worshipped Gozag.
Gozag was most pleased with you.
You visited 2 branches of the dungeon, and saw 9 of its levels.
You also visited: Sewer and Bailey.

You collected 1590 gold pieces.
You spent 132 gold pieces at shops.
You paid 54 gold pieces to Gozag.

Inventory:

Missiles
 A - 11 poisoned darts (quivered)
 B - 3 atropa-tipped darts
 C - 3 boomerangs
Armour
 a - a +0 robe (worn)
 b - a +0 kite shield (worn)
 s - a +0 cloak (worn)
Jewellery
 f - a +5 ring of evasion (left claw)
 i - a ring of poison resistance (right claw)
 w - a ring of wizardry
 z - a ring of protection from fire
 F - a ring of willpower
 I - a ring of willpower
Wands
 y - a wand of flame (27)
Scrolls
 d - a scroll of identify
 k - 2 scrolls of revelation
 l - a scroll of enchant armour
 o - a scroll of immolation
 r - a scroll of poison
 t - 3 scrolls of blinking {unknown}
 u - 3 scrolls of noise {unknown}
 x - a scroll of fog {unknown}
 E - a scroll of vulnerability {unknown}
 G - a scroll of torment {unknown}
 J - a scroll of amnesia {unknown}
 N - a scroll of enchant weapon {unknown}
 O - a scroll of acquirement {unknown}
Potions
 c - 4 potions of might
 e - 3 potions of mutation
 g - a potion of haste {unknown}
 h - 3 potions of lignification
 j - 4 potions of degeneration
 m - a potion of ambrosia {unknown}
 n - 2 potions of resistance {unknown}
 v - 6 potions of curing
 D - 4 potions of heal wounds
 H - a potion of enlightenment {unknown}
 K - 2 potions of brilliance {unknown}
 L - a potion of invisibility {unknown}
Miscellaneous
 M - a tin of tremorstones (2/2)


   Skills:
 - Level 3.0 Fighting
 - Level 3.0 Dodging
 - Level 10.0 Shields
 + Level 12.1 Unarmed Combat


You had 9 spell levels left.
You didn't know any spells.
Your spell library contained the following spells:

 Spells                   Type           Power      Damage    Failure   Level
 Apportation              Tloc           0%         N/A       63%         1
 Necrotise                Necr           0%         1d4       63%         1
 Shock                    Conj/Air       0%         1d3       63%         1
 Slow                     Hex            0%         N/A       63%         1
 Sting                    Conj/Alch      0%         1d3       63%         1
 Summon Small Mammal      Summ           0%         N/A       63%         1
 Cigotuvi's Dreadful Rot  Necr/Alch/Air  0%         N/A       77%         2
 Mercury Vapours          Alch/Air       0%         N/A       77%         2
 Confusing Touch          Hex            0%         N/A       94%         3
 Mephitic Cloud           Conj/Alch/Air  0%         N/A       94%         3
 Swiftness                Air            0%         N/A       94%         3
 Vampiric Draining        Necr           0%         2d6       94%         3
 Airstrike                Air            0%         2d(0-16)  100%        4
 Dispel Undead            Necr           0%         3d6       100%        4
 Martyr's Knell           Necr/Summ      0%         N/A       100%        4
 Vhi's Electric Charge    Tloc/Air       0%         N/A       100%        4
 Arcjolt                  Conj/Air       0%         1d10      100%        5
 Freezing Cloud           Conj/Ice/Air   0%         6-21      100%        5
 Plasma Beam              Fire/Air       0%         2x1d10    100%        6


Dungeon Overview and Level Annotations

Branches:
Dungeon (8/15)             Temple (1/1) D:5           Sewer (visited)
 Bailey (visited)
   Lair: D:8-11

Altars:
Ashenzari
Cheibriados
Dithmenos
Elyvilon
Fedhas
Gozag
Hepliaklqana
Kikubaaqudgha
Makhleb
Okawaru
Qazlal
Ru
Sif Muna
Trog
Vehumet
Wu Jian
Xom
Yredelemnul
Zin
The Shining One

Shops:
D:5 (!![:

Annotations:
D:3 1 runed translucent door, Crazy Yiuf
D:8 2 transporters, Ofeo's ghost, journeyman CoAr


Innate Abilities, Weirdness & Mutations

You are too large for most types of armour.
You have claws for hands.
Your natural rate of healing is unusually fast.
You are covered in fur. (AC +1)
You have tough skin. (AC +1)


Message History

The arrow hits you.
The centaur shoots an arrow.
You block the arrow.
The centaur shoots an arrow.
The arrow hits you!
Okay, then.
Okay, then.
Okay, then.
Okay, then.
Okay, then.
As you read the scroll of fear, it crumbles to dust.
You assume a fearsome visage.
The centaur looks frightened! x5
The centaur gives up.
The centaur shoots an arrow.
You block the arrow.
The centaur shoots an arrow.
You block the arrow.
The centaur shoots an arrow.
The arrow hits you but does no damage.
The centaur shoots an arrow.
The arrow hits you.
The centaur prays for help.
Cornered, the centaur turns to fight!
The centaur shoots an arrow.
You block the arrow.
The centaur shoots an arrow.
You block the arrow.
The centaur shoots an arrow.
The arrow hits you!
The centaur shoots an arrow.
The arrow hits you!
The centaur shoots an arrow.
The arrow completely misses you.
The centaur shoots an arrow.
You block the arrow.
The centaur shoots an arrow.
You block the arrow.
The centaur shoots an arrow.
The arrow closely misses you.
The centaur shoots an arrow.
The arrow hits you!
The centaur shoots an arrow.
The arrow hits you!
The centaur shoots an arrow.
The arrow closely misses you.
The centaur shoots an arrow.
The arrow hits you!
* * * LOW HITPOINT WARNING * * *
The centaur shoots an arrow.
The arrow hits you.
* * * LOW HITPOINT WARNING * * *
The centaur shoots an arrow.
You block the arrow.
As you read the scroll of teleportation, it crumbles to dust.
You feel strangely unstable.
The centaur shoots an arrow.
You block the arrow.
The centaur shoots an arrow.
You block the arrow.
The centaur shoots an arrow.
The arrow hits you!
* * * LOW HITPOINT WARNING * * *
The centaur shoots an arrow.
The arrow hits you.
* * * LOW HITPOINT WARNING * * *
The centaur shoots an arrow.
The arrow hits you!
You die...
Your body crumbles into a pile of gold.

# # # ≈ ≈### # ≈≈≈
≈≈≈≈# #≈≈≈≈≈ ≈≈≈≈≈#
≈≈≈≈≈.# #c≈≈≈≈###
≈≈≈≈≈.# #.≈≈≈≈.#
≈≈≈≈≈.# ##..≈≈≈.##
≈≈≈≈..# ##c..≈≈≈@.#
≈≈≈≈..#.#....≈≈≈≈.#
≈≈≈≈((#'#..c≈≈≈≈≈.#
≈≈≈≈c.......≈≈≈≈≈.#
≈≈≈≈≈......≈≈≈≈≈≈.#
≈≈≈≈≈≈≈.c≈≈≈≈≈≈≈≈.#
≈≈≈≈≈≈≈≈≈≈≈≈≈≈≈≈#.#
≈≈≈≈≈≈≈≈≈≈≈≈≈.....#
.#≈≈≈≈≈≈≈≈###.#####


You could see 3 centaurs.

Vanquished Creatures
  A two-headed ogre (D:6)
  Pikel (D:5)
  A gargoyle (Bailey)
  Grinder (D:3)
  A vampire (Bailey)
  Sigmund (D:4)
  2 wyverns
  Menkaure (D:5)
  Edmund (D:4)
  4 water moccasins
  Pargi (Sewer)
  3 sky beasts
  2 black bears (D:6)
  4 ogres
  2 phantoms
  3 lemures (D:5)
  A bullfrog (D:6)
  A gnoll sergeant (D:6)
  5 scorpions
  8 killer bees (D:8)
  6 vampire bats (Bailey)
  5 wolf zombies (Bailey)
  A howler monkey (D:6)
  An electric eel (D:8)
  3 bombardier beetles
  A jelly (D:5)
  A sleepcap (D:7)
  A gnoll bouda (D:5)
  3 orc priests
  A hound (D:5)
  Ijyb (D:4)
  Terence (D:3)
  6 iguanas
  2 orc wizards
  9 gnolls
  15 adders
  A river rat (D:3)
  A shadow imp (D:6)
  2 white imps
  6 ufetubi
  A dart slug (D:2)
  A ribbon worm (D:3)
  23 orcs
  7 endoplasms
  4 giant cockroaches
  19 goblins
  9 hobgoblins
  9 jackals
  3 quokkas
  4 ball pythons
  5 bats
  2 frilled lizards
  9 kobolds
  22 orc zombies (Bailey)
  7 rats
236 creatures vanquished.

Notes
Turn   | Place    | Note
-------+----------+-------------------------------------------
     0 | D:1      | smashvw the Troll Fighter began the quest for the Orb.
     0 | D:1      | Reached XP level 1. HP: 22/22 MP: 0/0
   432 | D:1      | Reached XP level 2. HP: 29/29 MP: 1/1
   553 | D:2      | Reached XP level 3. HP: 36/36 MP: 2/2
   687 | D:2      | Reached XP level 4. HP: 44/44 MP: 3/3
   960 | D:2      | Found a faded altar of an unknown god.
  1517 | D:2      | Reached skill level 3 in Unarmed Combat
  1858 | D:3      | Found a blossoming altar of Fedhas.
  1881 | D:3      | Noticed Grinder
  1888 | D:3      | Killed Grinder
  1889 | D:3      | Reached skill level 4 in Unarmed Combat
  1889 | D:3      | Reached XP level 5. HP: 37/53 MP: 4/4
  1889 | D:3      | Reached XP level 6. HP: 43/61 MP: 5/5
  2004 | D:3      | Found a glowing drain.
  2008 | Sewer    | Entered a sewer
  2077 | Sewer    | Noticed Pargi
  2095 | Sewer    | Killed Pargi
  2434 | D:3      | Noticed Terence
  2443 | D:3      | Killed Terence
  2486 | D:3      | Reached skill level 5 in Shields
  2627 | D:3      | Found an opulent altar of Gozag.
  2635 | D:3      | Became a worshipper of Gozag Ym Sagoz the Greedy
  2925 | D:3      | Found a runed translucent door.
  2926 | D:3      | Noticed Crazy Yiuf
  2973 | D:4      | Noticed Edmund
  2987 | D:4      | Killed Edmund
  2988 | D:4      | Reached skill level 5 in Unarmed Combat
  2988 | D:4      | Reached XP level 7. HP: 61/67 MP: 6/6
  2998 | D:4      | Noticed Sigmund
  3013 | D:4      | Killed Sigmund
  3128 | D:4      | Noticed Ijyb
  3145 | D:4      | Killed Ijyb
  3313 | D:4      | Reached skill level 6 in Unarmed Combat
  3785 | D:5      | Entered Level 5 of the Dungeon
  3826 | D:5      | Found a staircase to the Ecumenical Temple.
  3848 | D:5      | Noticed Pikel
  3875 | D:5      | Killed Pikel
  3876 | D:5      | Reached skill level 7 in Unarmed Combat
  3876 | D:5      | Reached XP level 8. HP: 35/75 MP: 7/7
  3961 | D:5      | Found a glowing golden altar of the Shining One.
  4154 | D:5      | Reached skill level 8 in Unarmed Combat
  4203 | D:5      | Noticed Menkaure
  4210 | D:5      | Killed Menkaure
  4237 | D:5      | Found Belimily's Tremendous Tomes.
  4348 | D:5      | Reached XP level 9. HP: 70/81 MP: 8/8
  4434 | D:5      | Found Betotoet's Armour Shoppe.
  4434 | D:5      | Found Efoqasut's Distillery.
  4437 | D:5      | Found Irghaytt's Distillery.
  4441 | D:5      | Found Fata's Weapon Shoppe.
  4449 | D:5      | Bought 2 potions of curing for 72 gold pieces
  4449 | D:5      | Bought a potion of heal wounds for 60 gold pieces
  4612 | Temple   | Entered the Ecumenical Temple
  5097 | D:6      | Reached skill level 9 in Unarmed Combat
  5320 | D:6      | Noticed a two-headed ogre
  5335 | D:6      | Killed a two-headed ogre
  5336 | D:6      | Reached skill level 10 in Unarmed Combat
  5614 | D:6      | Found a glowing golden altar of the Shining One.
  5661 | D:7      | Reached XP level 10. HP: 69/91 MP: 9/9
  5996 | D:7      | Found a broken altar of Ashenzari.
  5996 | D:7      | Found an iron altar of Okawaru.
  6417 | D:8      | Noticed Ofeo's ghost (journeyman CoAr)
  6429 | D:8      | Found a transporter.
  6442 | D:8      | Reached skill level 10 in Shields
  6550 | D:8      | Found a flagged portal.
  6573 | D:8      | Found a transporter.
  6606 | Bailey   | Entered a bailey
  6704 | Bailey   | Reached skill level 11 in Unarmed Combat
  6749 | Bailey   | Noticed a gargoyle
  6763 | Bailey   | Killed a gargoyle
  6833 | Bailey   | Identified the +0 plate armour of the Vestibule of Hell
                  | {rF+ rCorr}
  7150 | D:8      | Reached skill level 12 in Unarmed Combat
  7699 | D:8      | Shot with an arrow by a centaur

Illustrated notes

Levels and vault maps discovered:
D:1:      psy_arrival_fountain, layout_rooms
D:2:      cheibrodos_greedy_goblins, layout_basic, shapermc_ecumenical_altar_gd,
          serial_corexii_hall, chequers_hall_statues_corner_a,
          corexii_hall_statues_u, minmay_misc_feat_room, minmay_small_reverse_x
D:3:      minmay_door_path, layout_basic, lemuel_coloured_pillars_altar,
          fedhas_altar_1, gup_sewer_entry_spiral, uniq_terence, uniq_grinder,
          uniq_crazy_yiuf_cottage
D:4:      kennysheep_goblin_castle, layout_cave_pools, uniq_edmund, uniq_sigmund
D:5:      layout_cave_pools, minmay_temple_entry_statues_fountains,
          minmay_shop_grid_forest, minmay_misc_feat_chi, grunt_decor_arrowhead,
          nicolae_shop_i_like_big_books, minmay_ruined_shrine, uniq_pikel,
          uniq_menkaure
D:6:      cheibrodos_barr_body, layout_gridville, tso_oasis_becter,
          eino_curves_04, minmay_misc_feat_ornament, kennysheep_generic_room_7
D:7:      layout_gridville, gammafunk_temple_overflow_elements,
          kennysheep_generic_room_8
D:8:      layout_basic, enter_bailey_2, gammafunk_ghost_stat_death,
          serial_bayou_lagoon_a, chequers_avenue, centaur_isle
Temple:   regret_index_temple_generic_petals

Skill      XL: |  1  2  3  4  5  6  7  8  9 10 |
---------------+-------------------------------+-----
Shields        | 3 4 5 7 9 10 | 10.0
Dodging        | 3 |  3.0
Fighting       | 3 |  3.0
Unarmed Combat | 4 5 7 8 10 12 | 12.1

Action                     |  1- 3 |  4- 6 |  7- 9 | 10-12 || total
---------------------------+-------+-------+-------+-------++-------
  Melee: Unarmed           |    48 |   153 |   341 |   249 ||   791
  Throw: Dart              |       |       |       |     3 ||     3
    Use: Scroll            |       |       |     5 |     6 ||    11
   Stab: Sleeping          |       |     1 |     2 |       ||     3
         Distracted        |       |       |     3 |       ||     3
 Armour: Robe              |    18 |    65 |   134 |   111 ||   328
  Dodge: Dodged            |    15 |    67 |   143 |   138 ||   363
  Block: Kite shield       |    16 |    61 |   146 |   129 ||   352

Table legend: (Time is in decaauts)
 A = Elapsed time spent in this place.
 B = Non-inter-level travel time spent in this place.
 C = Inter-level travel time spent in this place.
 D = Time resting spent in this place.
 E = Time spent auto-exploring this place.
 F = Levels seen in this place.
 G = Mean time per level.
                   A        B        C        D        E       F      G
               +--------+--------+--------+--------+--------+-----+--------+
         Total |   7662 |   7320 |    342 |    216 |   5474 |  11 |  696.5 |
       Dungeon |   7077 |   6735 |    342 |    216 |   5135 |   8 |  884.6 |
        Temple |      1 |      1 |      0 |      0 |      0 |   1 |    1.0 |
         Sewer |    151 |    151 |      0 |      0 |     84 |   1 |  151.0 |
        Bailey |    431 |    431 |      0 |      0 |    255 |   1 |  431.0 |
               +--------+--------+--------+--------+--------+-----+--------+

Top non-repeatable levels by time:
     D:2: 1407 daAuts
     D:3: 1027 daAuts
     D:6: 987 daAuts
     D:8: 856 daAuts
     D:4: 794 daAuts
     D:5: 778 daAuts
     D:7: 750 daAuts
     D:1: 474 daAuts
  Bailey: 431 daAuts
   Sewer: 151 daAuts
  Temple: 1 daAuts
